 Dungeon Crawl Stone Soup version 0.25-a0-44-g29a1220a87 (webtiles) character file.

Game seed: 8802554404935805601, levelgen mode: classic

7658 Goblin1989 the Destroyer (level 11, -5/60 HPs)
             Began as a Tengu Fire Elementalist on July 25, 2019.
             Was a Believer of Vehumet.
             Slain by a polar bear (14 damage)
             ... on level 1 of the Lair of Beasts on Oct 25, 2019.
             The game lasted 01:15:55 (13912 turns).

Goblin1989 the Destroyer (Tengu Fire Elementalist) Turns: 13912, Time: 01:15:56

Health: -5/60      AC:  6    Str:  9    XL:     11   Next: 18%
Magic:  9/21       EV: 18    Int: 19    God:    Vehumet [**....]
Gold:   591        SH: 10    Dex: 14    Spells: 2/23 levels left

rFire    . . .     SeeInvis .   O - +3 flail (holy)
rCold    + . .     Gourm    .   F - +0 buckler
rNeg     . . .     Faith    .   H - +2 robe {Archmagi}
rPois    .         Spirit   .   (helmet restricted)
rElec    .         Reflect  +   L - +0 cloak
rCorr    .         Harm     .   K - +0 pair of gloves
MR       +....                  (boots unavailable)
Stlth    ++........             w - +5 amulet of reflection
HPRegen  0.20/turn              c - ring of protection from cold
MPRegen  0.17/turn              m - ring of protection from magic

@: flying quickly and evasively, quick
A: beak, talons 3, able to fly
a: Stop Flying, Renounce Religion


You were on level 1 of the Lair of Beasts.
You worshipped Vehumet.
Vehumet was pleased with you.
You were very hungry.

You visited 3 branches of the dungeon, and saw 13 of its levels.
You also visited: Gauntlet.

You collected 591 gold pieces.

Inventory:

Hand Weapons
 h - a +0 short sword
 k - a +0 dagger of venom
 o - a +3 hand axe of chopping
 J - a +0 rapier
 O - a +3 flail of holy wrath (weapon)
Missiles
 n - 339 stones {@Q3}
 x - 7 javelins {@Q2}
 z - 6 datura-tipped darts
 A - 54 poisoned darts
 D - 4 silver boomerangs (quivered)
 X - 6 boomerangs
 Z - 3 throwing nets {!d , @Q1}
Armour
 F - a +0 buckler (worn)
 H - a +2 robe of the Archmagi (worn)
 K - a +0 pair of gloves (worn)
 L - a +0 cloak (worn)
 P - a +2 leather armour of poison resistance
 S - the +1 scale mail "Put-Me-On" {rPois}
   (You found it on level 6 of the Dungeon)

   It protects you from poison.
 U - a scarf of cloud immunity
Jewellery
 c - a ring of protection from cold (left hand)
 f - an uncursed ring of protection from fire
 m - a ring of protection from magic (right hand)
 p - an uncursed amulet of the acrobat
 s - an uncursed ring of see invisible
 w - a +5 amulet of reflection (around neck)
 W - an uncursed ring of positive energy
Wands
 q - a wand of clouds (6) {@v3}
 V - a wand of paralysis (28) {@v7}
Scrolls
 i - 4 scrolls of enchant weapon
 u - 3 scrolls of immolation
 y - 2 scrolls of amnesia
 B - 2 scrolls of blinking
 E - 2 scrolls of remove curse {@r3}
 G - a scroll of fear
 I - a scroll of summoning {unknown}
 M - 2 scrolls of magic mapping
 N - 2 scrolls of noise {unknown}
 Q - 2 scrolls of fog {unknown}
 R - a scroll of identify {@r1}
 T - 8 scrolls of teleportation {!r, @r2}
Potions
 j - a potion of agility {@q5}
 l - 6 potions of curing {@q1}
 r - a potion of berserk rage
 t - 3 potions of lignification
 v - 4 potions of resistance {@q6}
 C - 6 potions of mutation {degeneration}
 Y - a potion of cancellation
Comestibles
 e - 20 rations


   Skills:
 - Level 3.0 Fighting
 - Level 6.0 Dodging
 - Level 2.0 Stealth
 - Level 4.0 Shields
 + Level 6.5 Spellcasting
 * Level 12.3 Conjurations
 * Level 11.0 Fire Magic


You had 2 spell levels left.
You knew the following spells:

 Your Spells              Type           Power        Failure   Level  Hunger
a - Flame Tongue          Conj/Fire      #####        1%          1    None
b - Inner Flame           Hex/Fire       #####...     3%          3    ##.....
c - Sticky Flame          Conj/Fire      ######..     1%          4    ####...
d - Fireball              Conj/Fire      ######....   2%          5    #####..
e - Bolt of Magma         Conj/Fire/Erth ######....   12%         5    #####..
j - Conjure Flame         Conj/Fire      ######..     1%          3    ##.....

Your spell library contained the following spells:

 Spells                   Type           Power        Failure   Level  Hunger
 Freeze                   Ice            #...         11%         1    None
 Throw Flame              Conj/Fire      ######       1%          2    None
 Recall                   Summ/Tloc      N/A          32%         3    ##.....
 Animate Dead             Necr           N/A          71%         4    ####...
 Leda's Liquefaction      Hex/Erth       #.........   71%         4    ####...
 Iron Shot                Conj/Erth      #####.....   78%         6    #######
 Borgnjor's Vile Clutch   Necr/Erth      #.........   96%         5    #####..
 Death Channel            Necr           #.........   100%        6    #######
 Simulacrum               Ice/Necr       #.........   100%        6    #######
 Statue Form              Tmut/Erth      #........    100%        6    #######
 Shatter                  Erth           #.........   100%        9    #######


Dungeon Overview and Level Annotations

Branches:
Dungeon (10/15)            Temple (1/1) D:5            Lair (2/6) D:9
  Swamp: Lair:2-4    Shoals: Lair:2-4     Snake: Lair:2-4    Spider: Lair:2-4
    Orc: D:9-12

Altars:
Ashenzari
Ru
Vehumet
Wu Jian

Annotations:
D:2 exclusion: adder
D:4 exclusion: 2 downstairs
D:5 Eustachio, Sigmund


Innate Abilities, Weirdness & Mutations

You have a beak for a mouth.
You have claws for feet.
You can fly continuously.


Message History

Confirm with . or Enter, or press ? or * to list all spells.
Aiming: Fireball (safe; 2% risk of failure)
Press: ? - help, Shift-Dir - straight line, f - black bear, p - polar bear
Aim: a black bear You feel a surge of power!
The fireball explodes!
The fireball engulfs the black bear!!
The black bear is almost dead.
You are near starving!
You hear a bellow!
You hear an angry growl.
You now have 7/21 mp.
Casting: Fireball (safe; 2% risk of failure)
Confirm with . or Enter, or press ? or * to list all spells.
Aiming: Fireball (safe; 2% risk of failure)
Press: ? - help, Shift-Dir - straight line, f/p - black bear
Aim: a black bear (almost dead)
You feel a surge of power!
The fireball explodes!
The fireball engulfs the black bear!
You kill the black bear!
Vehumet accepts your kill.
You feel your power returning.
Training target 4.0 for Shields reached!
Your Shields skill increases to level 4!
You hear a bellow!
You now have 6/21 mp.
Unknown command.
You fly upwards.
There is a stone staircase leading down here.
You start resting.
Eating one of 2 chunks of flesh.
You eat one of the 2 chunks of flesh.
This raw flesh tastes terrible.
You are feeling hungry.
Eating a chunk of flesh.
You eat the chunk of flesh.
This raw flesh tastes terrible.
Magic restored.
Unknown command.
MP restored: 21 You fly downwards.
The yak bellows!
The polar bear bites you! You block the polar bear's attack.
The polar bear claws you. The polar bear bites you.
The polar bear claws you but does no damage.
The polar bear barely misses you.
There is a stone staircase leading up, spattered with blood here.
You take 27 damage, and have 33/60 hp.
MASSIVE DAMAGE!!
You block the polar bear's attack.
The polar bear claws you but does no damage.
The polar bear barely misses you.
You fly upwards.
There is a stone staircase leading down here.
Unknown command.
Unknown command.
Unknown command.
Casting: Fireball (safe; 2% risk of failure)
Confirm with . or Enter, or press ? or * to list all spells.
Aiming: Fireball (safe; 2% risk of failure)
Press: ? - help, Shift-Dir - straight line, f - polar bear
Aim: a polar bear You feel a surge of power!
The fireball explodes!
The fireball engulfs the polar bear!!
The polar bear is heavily wounded.
You are feeling hungry.
You now have 16/21 mp.
There is a stone staircase leading down here.
Casting: Fireball (safe; 2% risk of failure)
Confirm with . or Enter, or press ? or * to list all spells.
Aiming: Fireball (safe; 2% risk of failure)
Press: ? - help, Shift-Dir - straight line, f/p - polar bear
Aim: a polar bear (heavily wounded)
You feel a surge of power!
The fireball explodes!
The fireball engulfs the polar bear!
The polar bear is severely wounded.
The polar bear goes berserk!
You now have 13/21 mp.
Casting: Fireball (safe; 2% risk of failure)
Confirm with . or Enter, or press ? or * to list all spells.
Aiming: Fireball (safe; 2% risk of failure)
Press: ? - help, Shift-Dir - straight line, f/p - polar bear
Aim: a polar bear (severely wounded, berserk, fast, unusually strong)
You feel a surge of power! That beam is likely to hit you.
Continue anyway?
Okay, then.
Casting: Fireball (safe; 2% risk of failure)
Confirm with . or Enter, or press ? or * to list all spells.
Aiming: Fireball (safe; 2% risk of failure)
Press: ? - help, Shift-Dir - straight line, p - polar bear You feel a surge of power!
The fireball explodes!
The fireball engulfs the polar bear.
The polar bear is severely wounded.
You are feeling very hungry.
The polar bear bites you!!
* * * LOW HITPOINT WARNING * * *
You block the polar bear's attack. The polar bear claws you.
* * * LOW HITPOINT WARNING * * *
You take 29 damage, and have 8/60 hp.
MASSIVE DAMAGE!!
You now have 8/21 mp.
The polar bear closely misses you. The polar bear completely misses you.
You block the polar bear's attack.
The polar bear rages.
The polar bear barely misses you. The polar bear misses you.
The polar bear barely misses you. The polar bear bites you!
You die...

.██.....█..........█ ████████....
.██.....█......█...█ █...........
.██.....█......█...█ █.....███...
.██................█ ██.P████....
.██.....█......█...████.██ ██...
.██......███.█.█...██.█.█████....
.██..............................
.██>.............................
▲█..............@h.............>.
.................................
.................................
.................................
█.....................███.███....
██....P.▲████.██.....█......█....
██.............█.....█...........
██....█........█.....█......█....
██.............█..)..█...........


You could see a polar bear (berserk).

Vanquished Creatures
  A two-headed ogre (D:9)
  2 spiny frogs (Lair:1)
  A komodo dragon (Lair:1)
  5 blink frogs
  A hippogriff (D:7)
  A wyvern (D:9)
  A hungry ghost (D:9)
  A steam dragon (D:9)
  A yak (Lair:1)
  Menkaure (D:4)
  3 water moccasins (Lair:1)
  2 porcupines
  2 orc warriors
  3 ice beasts
  A black bear (Lair:2)
  A phantom (D:5)
  A necrophage (D:4)
  6 ogres
  3 centaurs
  Blork the orc (D:5)
  3 bullfrogs
  A water moccasin zombie (D:9)
  2 scorpions
  12 killer bees
  4 wights (D:7)
  2 electric eels
  5 howler monkeys
  A centaur skeleton (D:8)
  7 hounds
  2 bullfrog skeletons
  2 orc priests
  4 orc wizards
  4 iguanas
  9 worker ants
  A hound skeleton (D:7)
  A worker ant zombie (D:7)
  9 adders
  3 shadow imps
  An adder zombie (D:5)
  An adder skeleton (D:9)
  4 worms
  3 dart slugs
  7 leopard geckos
  18 orcs
  4 giant cockroaches
  6 goblins
  9 hobgoblins
  7 jackals
  14 kobolds
  9 quokkas
  2 ball pythons
  12 bats
  2 frilled lizards
  2 goblin skeletons (D:10)
  A jackal zombie (D:5)
  2 orc zombies (D:10)
  A quokka skeleton (D:5)
  21 rats
236 creatures vanquished.

Notes
Turn   | Place    | Note
-------+----------+-------------------------------------------
     0 | D:1      | Goblin1989 the Tengu Fire Elementalist began the quest for
                  | the Orb.
     0 | D:1      | Reached XP level 1. HP: 10/10 MP: 4/4
   139 | D:1      | Reached skill level 2 in Conjurations
   139 | D:1      | Reached XP level 2. HP: 15/15 MP: 4/6
   554 | D:1      | Reached XP level 3. HP: 19/19 MP: 5/7
  1091 | D:2      | Reached skill level 3 in Conjurations
  1393 | D:2      | Reached XP level 4. HP: 19/24 MP: 2/8
  1554 | D:2      | Learned a level 3 spell: Conjure Flame
  1558 | D:2      | Learned a level 3 spell: Inner Flame
  2259 | D:2      | Reached skill level 4 in Conjurations
  2261 | D:2      | Gained mutation: You can fly continuously. [Tengu growth]
  2261 | D:2      | Reached XP level 5. HP: 27/28 MP: 3/9
  3608 | D:4      | Noticed Menkaure
  3614 | D:4      | Killed Menkaure
  3614 | D:4      | Reached skill level 5 in Conjurations
  3614 | D:4      | Reached skill level 5 in Fire Magic
  3614 | D:4      | Reached XP level 6. HP: 32/32 MP: 2/11
  3707 | D:4      | Found an ornate altar of the Wu Jian Council.
  3801 | D:4      | Noticed a necrophage
  3820 | D:4      | Killed a necrophage
  3946 | D:4      | Reached skill level 6 in Conjurations
  3946 | D:4      | Reached XP level 7. HP: 36/36 MP: 6/13
  3952 | D:4      | Learned a level 4 spell: Sticky Flame
  4886 | D:5      | Entered Level 5 of the Dungeon
  4886 | D:5      | Noticed Blork the orc
  4920 | D:5      | Killed Blork the orc
  5623 | D:4      | Reached skill level 7 in Conjurations
  5683 | D:5      | Reached XP level 8. HP: 39/41 MP: 7/14
  5941 | D:5      | Found a staircase to the Ecumenical Temple.
  5950 | Temple   | Entered the Ecumenical Temple
  5966 | Temple   | Became a worshipper of Vehumet
  6198 | D:5      | Noticed Sigmund
  6312 | D:6      | Got a dazzling scale mail
  6747 | D:5      | Reached skill level 8 in Conjurations
  6815 | D:5      | Noticed Eustachio
  7227 | D:7      | Noticed a hippogriff
  7564 | D:7      | Killed a hippogriff
  7564 | D:7      | Reached XP level 9. HP: 45/45 MP: 4/16
  7741 | D:7      | Reached skill level 9 in Conjurations
  8267 | D:7      | Learned a level 5 spell: Fireball
  8354 | D:7      | Reached skill level 5 in Spellcasting
  8687 | D:7      | Reached * piety under Vehumet
  8687 | D:7      | Offered knowledge of Shock by Vehumet.
  9310 | D:8      | Reached skill level 5 in Dodging
  9310 | D:8      | Reached skill level 10 in Conjurations
  9634 | D:8      | Identified the +1 scale mail "Put-Me-On" {rPois} (You found
                  | it on level 6 of the Dungeon)
  9722 | D:8      | Goblin1989: !apt te
  9722 | D:8      | meem: Te: Fighting: 0, Short: 1, Long: 1, Axes: 1, Maces:
                  | 1, Polearms: 1, Staves: 1, Slings: 0, Bows: 1, Xbows: 1,
                  | Throw: 0, Armour: 1, Dodge: 1, Stealth: 1, Shields: 0, UC:
                  | 1, Splcast: -1, Conj: 3, Hexes: -3, Charms: -2, Summ: 2,
                  | Nec: 1, Tloc: -2, Tmut: -2, Fire: 1, Ice: -1, Air: 3,
                  | Earth: -3*, Poison: 0, Inv: -1*, Evo: 0, Exp: 0, HP: -2,
                  | MP: 1
  9722 | D:8      | Goblin1989: !apt sp
  9722 | D:8      | meem: Sp: Fighting: -2*, Short: 1, Long: -2*, Axes: -2*,
                  | Maces: -3*, Polearms: -3*, Staves: -3*, Slings: 2, Bows: 2,
                  | Xbows: 0, Throw: 0, Armour: -3*, Dodge: 4, Stealth: 5,
                  | Shields: -3*, UC: -2*, Splcast: 2, Conj: -3*, Hexes: 2,
                  | Charms: 4, Summ: -2, Nec: -1, Tloc: 4, Tmut: 3, Fire: -2,
                  | Ice: -2, Air: -1, Earth: -1, Poison: 0, Inv: 0, Evo: 3,
                  | Exp: -1, HP: -3, MP: 1
 10296 | D:9      | Reached skill level 1 in Fighting
 10466 | D:9      | Reached XP level 10. HP: 52/52 MP: 14/19
 10791 | D:9      | Noticed a two-headed ogre
 10826 | D:9      | Killed a two-headed ogre
 10826 | D:9      | Reached skill level 11 in Conjurations
 10826 | D:9      | Reached skill level 10 in Fire Magic
 10842 | D:9      | Offered knowledge of Freeze by Vehumet.
 11105 | D:9      | Reached ** piety under Vehumet
 11477 | D:9      | Found a staircase to the Lair.
 11561 | D:10     | Entered Level 10 of the Dungeon
 11834 | D:10     | Reached skill level 1 in Shields
 11975 | Lair:1   | Entered Level 1 of the Lair of Beasts
 11987 | Lair:1   | Found a gate leading to a gauntlet.
 11996 | Gauntlet | Entered a Gauntlet
 11996 | Gauntlet | Found a transporter.
 12001 | Gauntlet | Noticed a moth of wrath
 12007 | Gauntlet | Found a transporter.
 12015 | Gauntlet | Found a transporter.
 12015 | Gauntlet | Noticed an oklob plant
 12017 | Gauntlet | Found a transporter.
 12024 | Gauntlet | Noticed a wretched star
 12025 | Gauntlet | Found a transporter.
 12047 | Gauntlet | Found a transporter.
 12057 | Gauntlet | Found a transporter.
 12064 | Gauntlet | Found a runed translucent door.
 12067 | Gauntlet | Found a transporter.
 12070 | Gauntlet | Noticed a dire elephant
 12078 | Gauntlet | Noticed an elephant
 12087 | Gauntlet | Found a transporter.
 12102 | Gauntlet | Found a transporter.
 12102 | Gauntlet | Found a transporter.
 12146 | Gauntlet | Found a runed translucent door.
 12149 | Gauntlet | Found a transporter.
 12160 | Gauntlet | Noticed a gargoyle
 12167 | Gauntlet | Found a transporter.
 12179 | Gauntlet | Found a transporter.
 12198 | Gauntlet | Noticed a molten gargoyle
 12205 | Gauntlet | Noticed a catoblepas
 12301 | Gauntlet | DEFE: лол
 12301 | Gauntlet | DEFE: ну если у тебя нет аое облаков
 12301 | Gauntlet | DEFE: тебя волки съедят
 12301 | Gauntlet | Goblin1989: короче, тише едешь - дальше будешь, так?
 12301 | Gauntlet | DEFE: да
 12301 | Gauntlet | DEFE: ну можно рискнуть вандом клаудов
 12301 | Gauntlet | DEFE: но это 50 на 50
 12301 | Gauntlet | DEFE: прыгаешь
 12301 | Gauntlet | DEFE: клауд налево
 12301 | Gauntlet | DEFE: клауд направо
 12301 | Gauntlet | DEFE: ну импы просто
 12301 | Gauntlet | DEFE: дальше симулякры
 12301 | Gauntlet | DEFE: ну тебя минотавр убьет
 12301 | Gauntlet | DEFE: с 6 ац
 12301 | Gauntlet | DEFE: инвиз хоть есть?
 12301 | Gauntlet | Goblin1989: неа
 12301 | Gauntlet | DEFE: ну выходи
 12301 | Gauntlet | Goblin1989: короче лучше не проходить
 12301 | Gauntlet | DEFE: награды нет толковой
 12384 | Lair:1   | Noticed a spiny frog
 12395 | Lair:1   | Killed a spiny frog
 12418 | Lair:1   | Goblin1989: спасибо\
 12418 | Lair:1   | Goblin1989: давно не доходил до лэйера, если честно
 12460 | Lair:1   | Noticed a spiny frog
 12479 | Lair:1   | Upgraded the game from 0.24-a0-520-g8fd06ad0bc to
                  | 0.24-a0-521-g122614bf49
 12488 | Lair:1   | Killed a spiny frog
 12565 | Lair:1   | Goblin1989: !apt hp
 12565 | Lair:1   | meem: HP: Tr: 3!, Og: 3!, DD: 2, Na: 2, Dg: 1, Mi: 1, Ce:
                  | 1, Gh: 1, HO: 1, Dr: 1, Ba: 0, Mu: 0, Hu: 0, Gn: 0, HE:
                  | N/A, Fo: 0, Ds: 0, Vp: 0, Mf: 0, Op: -1, Ha: -1, Gr: -2,
                  | Ko: -2, Te: -2, DE: -2, VS: -3, Sp: -3, Fe: -4*
 12565 | Lair:1   | Goblin1989: !apt mp
 12565 | Lair:1   | meem: MP: DE: 2!, Dg: 2!, Fe: 1, Te: 1, VS: 1, Sp: 1, HO:
                  | 0, Mu: 0, Ko: 0, Dr: 0, Hu: 0, Mf: 0, Gn: 0, HE: N/A, Fo:
                  | 0, Vp: 0, Na: 0, DD: 0, Og: 0, Ba: 0, Ha: 0, Op: 0, Gr: 0,
                  | Ce: 0, Ds: 0, Gh: -1*, Mi: -1*, Tr: -1*
 12565 | Lair:1   | Upgraded the game from 0.24-a0-521-g122614bf49 to
                  | 0.25-a0-44-g29a1220a87
 12752 | Lair:1   | Reached skill level 12 in Conjurations
 12752 | Lair:1   | Reached XP level 11. HP: 32/60 MP: 14/21
 12967 | Lair:1   | Learned a level 5 spell: Bolt of Magma
 13912 | Lair:1   | Slain by a polar bear

Levels and vault maps discovered:
D:1:      kennysheep_arrival_forest, layout_rooms
D:2:      layout_basic
D:3:      layout_loops_ring, minmay_pentangle
D:4:      layout_loops_ring, nicolae_overflow_crystal_walls, first_ration,
          minmay_misc_feat_secret_circle, minmay_rat_hole, uniq_menkaure
D:5:      layout_rooms, minmay_temple_entry_proselytizer, uniq_sigmund,
          uniq_eustachio, uniq_blork_the_orc
D:6:      layout_rooms
D:7:      layout_cave_pools, grunt_ogre_cave, grunt_ministairs_15,
          roderic_roman_lattice
D:8:      layout_basic, st_stairs_12, kennysheep_minor_cross, minmay_radiant
D:9:      layout_basic, lair_entry_dummy, minmay_fractal_squares_5
D:10:     layout_cave_pools, zombieorc2_lemuel, special_room
          [special_room_kobold], serial_shops, shop_coins, uniq_fannar
Temple:   roderic_octagonal_lattice_temple
Lair:1:   layout_regular_city, gauntlet_entry_generic
Lair:2:   beast_lair_carwin_large_1, layout_regular_city,
          minmay_swamp_entry_swarm, minmay_snake_entry_guardpost_small,
          minivault_25

Skill      XL: |  1  2  3  4  5  6  7  8  9 10 11 |
---------------+----------------------------------+-----
Conjurations   | 2 3 4 5 6 7 8 10 12 | 12.3
Fire Magic     | 4 5 6 8 9 10 11 | 11.0
Spellcasting   | 3 4 5 6 |  6.5
Dodging        | 4 5 6 |  6.0
Fighting       | 1 3 |  3.0
Shields        | 3 4 |  4.0
Stealth        | |  2.0

Action                   |  1- 3 |  4- 6 |  7- 9 | 10-12 || total
-------------------------+-------+-------+-------+-------++-------
Melee: Unarmed           |     7 |       |       |       ||     7
       Hand axe          |     1 |    15 |    44 |       ||    60
       Kick              |       |     3 |     7 |       ||    10
       Peck              |       |     1 |     2 |       ||     3
       Flail             |       |       |     3 |       ||     3
Throw: Stone             |     3 |       |     3 |       ||     6
       Boomerang         |       |       |     4 |       ||     4
 Cast: Flame Tongue      |    61 |    74 |   233 |    87 ||   455
       Conjure Flame     |       |     2 |    19 |     3 ||    24
       Inner Flame       |       |       |    10 |     2 ||    12
       Sticky Flame      |       |       |     6 |    13 ||    19
       Fireball          |       |       |     1 |    26 ||    27
 Abil: Fly               |       |     2 |       |       ||     2
       Stop Flying       |       |     1 |       |       ||     1
Evoke: Wand              |       |       |     3 |       ||     3
  Use: Scroll            |       |       |    15 |     1 ||    16
 Stab: Sleeping          |       |     1 |       |       ||     1
       Paralysed         |       |       |     3 |       ||     3
  Eat: Chunk             |     2 |     8 |    13 |    11 ||    34
       Ration            |       |       |     3 |     2 ||     5
Armor: Robe              |     2 |     6 |    16 |     6 ||    30
Dodge: Dodged            |    21 |    29 |    83 |    53 ||   186
Block: Other             |       |     7 |    30 |     4 ||    41
       Reflection        |       |       |     3 |     1 ||     4
       Buckler           |       |       |       |    21 ||    21

Table legend:
 A = Non-vault XP
 B = Vault XP
 C = Vault XP percentage of total XP
 D = Non-vault monster count
 E = Vault monster count
 F = Vault count percentage of total count
                 A         B        C        D         E       F
            +---------+---------+-------+---------+---------+-------
      Total |    9256 |    1684 |  15.4 |     195 |      41 |  17.4
            +---------+---------+-------+---------+---------+-------
        D:1 |      49 |       0 |   0.0 |      26 |       0 |   0.0
        D:2 |     119 |       0 |   0.0 |      22 |       0 |   0.0
        D:3 |      50 |       6 |  10.7 |      13 |       3 |  18.8
        D:4 |     652 |     192 |  22.7 |      21 |      20 |  48.8
        D:5 |     373 |     139 |  27.1 |      22 |       2 |   8.3
        D:6 |     417 |     112 |  21.2 |      14 |       1 |   6.7
        D:7 |    1059 |     360 |  25.4 |      20 |       2 |   9.1
        D:8 |     177 |     283 |  61.5 |       8 |       3 |  27.3
        D:9 |    2509 |     462 |  15.6 |      23 |       5 |  17.9
       D:10 |     545 |       4 |   0.7 |      12 |       4 |  25.0
     Lair:1 |    3161 |       0 |   0.0 |      13 |       0 |   0.0
     Lair:2 |     145 |     126 |  46.5 |       1 |       1 |  50.0
            +---------+---------+-------+---------+---------+-------

Levels and vault maps discovered:
D:1:      kennysheep_arrival_forest, layout_rooms
D:2:      layout_basic
D:3:      layout_loops_ring, minmay_pentangle
D:4:      layout_loops_ring, nicolae_overflow_crystal_walls, first_ration,
          minmay_misc_feat_secret_circle, minmay_rat_hole, uniq_menkaure
D:5:      layout_rooms, minmay_temple_entry_proselytizer, uniq_sigmund,
          uniq_eustachio, uniq_blork_the_orc
D:6:      layout_rooms
D:7:      layout_cave_pools, grunt_ogre_cave, grunt_ministairs_15,
          roderic_roman_lattice
D:8:      layout_basic, st_stairs_12, kennysheep_minor_cross, minmay_radiant
D:9:      layout_basic, lair_entry_dummy, minmay_fractal_squares_5
D:10:     layout_cave_pools, zombieorc2_lemuel, special_room
          [special_room_kobold], serial_shops, shop_coins, uniq_fannar
Temple:   roderic_octagonal_lattice_temple
Lair:1:   layout_regular_city, gauntlet_entry_generic
Lair:2:   beast_lair_carwin_large_1, layout_regular_city,
          minmay_swamp_entry_swarm, minmay_snake_entry_guardpost_small,
          minivault_25
